 Dungeon Crawl Stone Soup version 0.20.1-1-g8b1a95d (console) character file.

114 hilaritas the Slasher (level 4, -8/52 HPs)
             Began as a Demonspawn Berserker on Dec 31, 2017.
             Was a Believer of Trog.
             Mangled by Pikel
             ... wielding a +0 whip of electrocution
              (20 damage)
             ... on level 4 of the Dungeon.
             The game lasted 00:05:48 (2876 turns).

hilaritas the Slasher (Demonspawn Berserker)        Turns: 2876, Time: 00:05:49

Health: -8/52      AC:  7    Str: 27    XL:     4   Next: 66%
Magic:  4/4        EV:  8    Int:  8    God:    Trog [**....]
Gold:   96         SH:  8    Dex: 13    Spells: 3/3 levels left

rFire    . . .     SeeInvis .   a - +0 falchion
rCold    . . .     Gourm    .   q - +0 shield
rNeg     . . .     Faith    .   h - +1 ring mail
rPois    .         Spirit   .   (no helmet)
rElec    .         Reflect  .   (no cloak)
rCorr    .         Harm     .   (no gloves)
MR       .....                  l - +0 pair of boots
Stlth    ..........             (no amulet)
Regen    0.2/turn               i - +4 ring of strength
MPRegen  0.1/turn               (no ring)

@: berserking, very quick
A: claws 1
a: Berserk, Trog's Hand, Burn Spellbooks, Renounce Religion


You were on level 4 of the Dungeon.
You worshipped Trog.
Trog was pleased with you.
You were very hungry.

You visited 1 branch of the dungeon, and saw 4 of its levels.

You collected 96 gold pieces.

Inventory:

Hand Weapons
 a - a +0 falchion (weapon)
 d - a +0 short sword
Armour
 h - a +1 ring mail (worn)
 l - a +0 pair of boots (worn)
 q - a +0 shield (worn)
Jewellery
 f - an uncursed ring of magical power
 i - a +4 ring of strength (left claw)
Wands
 g - a wand of confusion (18/48)
Potions
 e - 2 potions of might
 j - 2 potions of ambrosia
 k - a potion of mutation
 o - 2 potions of curing
 s - a potion of berserk rage {unknown}
Comestibles
 b - 2 royal jellies
 c - 4 bread rations
 n - 5 fruits
 p - 2 chunks of flesh
 r - a meat ration


   Skills:
 + Level 3.4 Fighting
 * Level 4.5 Long Blades
 - Level 1.7 Armour
 - Level 1.7 Dodging
 * Level 0.6 Shields


You had 3 spell levels left.
You didn't know any spells.

Dungeon Overview and Level Annotations

Branches:
Dungeon (4/15)
 Temple: D:4-7

Altars:
Fedhas
Ru
Vehumet
Xom
Yredelemnul

Annotations:
D:4 Pikel


Innate Abilities, Weirdness & Mutations

You have sharp fingernails.


Message History

The slave is lightly wounded.
The slave hits you.
Your shield prevents you from hitting Pikel.
You hit Pikel but do no damage. Pikel hits you but does no damage.
You are electrocuted!
You barely miss Pikel.
Pikel hits you with a whip of electrocution.
You closely miss Pikel.
Pikel hits you with a whip of electrocution.
* * * LOW HITPOINT WARNING * * *
You feel much better. Pikel hits you but does no damage.
You are electrocuted!
A red film seems to cover your vision as you go berserk!
You feel yourself moving faster!
You feel mighty!
You are feeling very hungry.
You block Pikel's attack.
You slice Pikel!!
Pikel is heavily wounded.
Pikel hits you with a whip of electrocution!
You are electrocuted!
You die...

##.#.### # #.#.# ..
#.#.#. ##. .# ...
#...+..#.. .+
....##...+..... ..+
........##..#K##..#
....##..# ......#
... ##.## ....# #.
#...####''## #
#.#..##pp..#
#.##.@Kp#..# ..
####........ #.#
#.....### ..
...##..<. ##. ...$
.##. ...### . !
.#.# ## ###.#


You could see Pikel and 3 slaves.

Vanquished Creatures
  Natasha (D:4)
  A gnoll (D:1)
  An adder (D:3)
  2 oozes (D:3)
  An adder zombie (D:3)
  2 dart slugs (D:2)
  2 leopard geckos (D:1)
  2 orcs
  7 bats
  4 giant cockroaches
  6 goblins
  5 hobgoblins
  4 jackals (D:1)
  7 frilled lizards
  3 kobolds
  5 rats
53 creatures vanquished.

Notes
Turn   | Place    | Note
-------+----------+-------------------------------------------
     0 | D:1      | hilaritas the Demonspawn Berserker began the quest for the Orb.
     0 | D:1      | Reached XP level 1. HP: 18/18 MP: 1/1
    32 | D:1      | Reached skill level 3 in Long Blades
   274 | D:1      | Gained mutation: You have sharp fingernails. [demonic ancestry]
   274 | D:1      | Reached XP level 2. HP: 14/24 MP: 2/2
   959 | D:1      | Reached XP level 3. HP: 21/29 MP: 3/3
  1296 | D:2      | Reached ** piety under Trog
  1537 | D:2      | Reached skill level 4 in Long Blades
  2073 | D:3      | Reached XP level 4. HP: 35/35 MP: 4/4
  2547 | D:3      | Found a snail-covered altar of Cheibriados.
  2549 | D:3      | Found a shimmering altar of Xom.
  2549 | D:3      | Found a basalt altar of Yredelemnul.
  2551 | D:3      | Found a sacrificial altar of Ru.
  2551 | D:3      | Found a radiant altar of Vehumet.
  2551 | D:3      | Found a blossoming altar of Fedhas.
  2707 | D:4      | Noticed Natasha
  2716 | D:4      | Killed Natasha
  2861 | D:4      | Noticed Pikel
  2861 | D:4      | Noticed a slave
  2861 | D:4      | Noticed a slave
  2861 | D:4      | Noticed a slave
  2861 | D:4      | Noticed a slave
  2873 | D:4      | HP: 2/35 [Pikel/whip of electrocution (6)]
  2876 | D:4      | Mangled by Pikel

Skill      XL: |  1  2  3 |
---------------+----------+-----
Long Blades    | 3 4 |  4.5
Fighting       | |  3.4
Armour         | |  1.7
Dodging        | |  1.7
Shields        | |  0.6

Action                   |  1- 3 |  4- 6 || total
-------------------------+-------+-------++-------
Melee: Falchion          |    35 |    53 ||    88
       Short sword       |    86 |       ||    86
Invok: Berserk           |       |     1 ||     1
  Use: Scroll            |     8 |     3 ||    11
       Potion            |       |     1 ||     1
  Eat: Chunk             |     4 |     2 ||     6
Armor: Animal skin       |    10 |       ||    10
       Ring mail         |    17 |    25 ||    42
Dodge: Dodged            |    65 |    26 ||    91
Block: Shield            |       |    10 ||    10
       Rpst.: Falchion   |     6 |     6 ||    12
